 Dungeon Sprint DCSS version 0.19.1 (webtiles) character file.

1084 equalderp2856 the Ripper (level 8, -7/40 HPs)
             Began as a Felid Fighter on Nov 28, 2016.
             Was an Elder of Nemelex Xobeh.
             Mangled by Rupert
             ... wielding a +1 great mace of draining
              (40 damage)
             ... in the Dungeon (Sprint IX: "|||||||||||||||||||||||||||||").
             The game lasted 00:06:44 (2144 turns).

equalderp2856 the Ripper (Felid Fighter)            Turns: 2144, Time: 00:06:45

Health: -7/40      AC:  2    Str: 14    XL:     8   Next: 8%
Magic:  11/11      EV: 28    Int: 11    God:    Nemelex Xobeh [****..]
Gold:   686        SH:  0    Dex: 15    Spells: 0 memorised, 7 levels left
                                        Lives:  0   Deaths: 2

rFire  . . .     SeeInvis +       - Unarmed
rCold  . . .     Gourm    .     (armour unavailable)
rNeg   . . .     Faith    .     (shield unavailable)
rPois  .         Spirit   .     (helmet unavailable)
rElec  .         Reflect  .     (cloak unavailable)
rCorr  .         Harm     .     (gloves unavailable)
MR     +....     NoTele   +     (boots unavailable)
Stlth  ++++......               (no amulet)
                                (no ring)
                                (no ring)

@: quick
A: no armour, no weapons or thrown items, stealth, claws 1, fangs 3, see
invisible, carnivore 3, speed 1, shaggy fur 2, slow metabolism 1, sharp paws
a: Triple Draw, Deal Four, Renounce Religion


You were in the Dungeon.
You worshipped Nemelex Xobeh.
Nemelex Xobeh was greatly pleased with you.
You were not hungry.

You visited 1 branch You collected 686 gold pieces.

Inventory:

Jewellery
 n - a +3 ring of strength
 o - a +2 ring of evasion
Wands
 m - a wand of lightning (7/15)
Scrolls
 h - 2 scrolls of blinking
 k - 3 scrolls of remove curse
 l - 2 scrolls of amnesia
 r - a scroll of recharging
 s - 3 scrolls of identify
 t - 2 scrolls of fear
Potions
 a - 2 potions of might
 c - 5 potions of curing
 d - 2 potions of heal wounds
 e - a potion of haste
 f - 4 potions of magic
 g - 2 potions of berserk rage
 j - a potion of invisibility
 q - a potion of resistance
Miscellaneous
 i - a plain deck of summoning {drawn: 1}
 p - a legendary deck of destruction
 u - a plain deck of destruction
 v - an ornate deck of destruction
 w - a legendary deck of summoning
Comestibles
 b - 13 meat rations


   Skills:
 + Level 8.0 Fighting
 + Level 12.7 Dodging
 + Level 8.3 Stealth
 + Level 16.5 Unarmed Combat
 + Level 3.9 Invocations


You had 7 spell levels left.
You didn't know any spells.

Dungeon Overview and Level Annotations

Branches:
Dungeon (1/1)

Altars:
Cheibriados
Dithmenos
Elyvilon
Fedhas
Gozag
Hepliaklqana
Kikubaaqudgha
Makhleb
Nemelex Xobeh
Okawaru
Qazlal
Ru
Sif Muna
Trog
Uskayaw
Vehumet
Xom
Yredelemnul
Zin
The Shining One
Beogh
Jiyva
Lugonu

Annotations:
D Nergalle, Nessos, Rupert


Innate Abilities, Weirdness & Mutations

You cannot wear armour.
You are incapable of wielding weapons or throwing items.
Your paws allow you to move quietly. (Stealth)
You have sharp claws.
You have razor-sharp teeth.
You have supernaturally acute eyesight. (SInv)
You are carnivorous and can eat meat at any time.
You cover ground quickly.
You are covered in thick fur. (AC +2)
You have a slow metabolism.
Your sharp claws are effective at attacking unaware monsters.


Message History

You can move again.
Unknown command.
Unknown command.
You're too confused!
You claw the spectral orc knight!
The spectral orc knight is lightly damaged.
Rupert roars madly and goes into a rage!
Rupert goes berserk!
The spectral orc knight hits you with an enchanted long sword!
Nessos blinks!
You bump into the unnaturally hard rock wall.
You feel less confused. Nessos says, "I'll learn you. I'll learn you yet!"
The spectral orc knight completely misses you.
Nergalle casts a spell at you.
Orcish apparitions take form around you.
Rupert hits you with a great mace of draining!!!
Ouch! That really hurt!
You die...
Your body glows with a rainbow of weird colours and disappears.

▓)▓.▓.▓.▓.▓
▓.▓
▓.▓†▓.▓.▓.▓
▓.▓
▓.▓.▓.▓.▓.▓
▓.▓
▓.▓.▓)▓.▓'▓
▓c▓
▓.▓.▓.▓.▓)▓
▓o▓
▓.▓.▓.▓.▓)▓
▓§▓
▓'▓.▓.▓.▓)▓
▓Z▓
▓_▓.▓?▓.▓)▓
▓@▓
▓_▓.▓.▓.▓)▓
▓@▓
▓_▓.▓.▓.▓)▓
▓Z▓
▓_▓.▓.▓)▓)▓
▓Z▓
▓_▓F▓'▓.▓.▓
▓.▓
▓_▓.▓.▓.▓.▓
▓.▓
▓_▓.▓.▓.▓.▓
▓.▓
▓_▓.▓.▓(▓.▓
▓.▓
▓_▓.▓.▓.▓.▓
▓.♣
▓_▓.▓.▓.▓.▓
▓.♣


You could see Rupert (berserk), Nessos, Nergalle, 2 spectral orc warriors and a
spectral orc knight.

Vanquished Creatures
  Urug (D)
  A lindwurm (D)
  A shining eye (D)
  A blink frog (D)
  A wyvern (D)
  3 water moccasins (D)
  An orc warrior (D)
  A swamp drake (D)
  A necrophage (D)
  A centaur (D)
  A killer bee (D)
  A howler monkey (D)
  2 orc wizards (D)
  2 orc priests (D)
  2 worker ants (D)
  A worm (D)
  A dart slug (D)
  9 orcs (D)
  2 bat skeletons (D)
  A giant cockroach (D)
  A bat (D)
  A frilled lizard (D)
  A kobold (D)
37 creatures vanquished.

Vanquished Creatures (collateral kills)
  A tyrant leech (D)
  An ogre (D)
  A crocodile (D)
  A killer bee (D)
  A worm (D)
5 creatures vanquished.

Vanquished Creatures (others)
  A hound (D)
  A quokka (D)
2 creatures vanquished.

Grand Total: 44 creatures vanquished

Notes
Turn   | Place    | Note
-------+----------+-------------------------------------------
     0 | D        | equalderp2856 the Felid Fighter began the quest for the Orb.
     0 | D        | Reached XP level 1. HP: 10/10 MP: 2/2
    17 | D        | Reached skill level 5 in Unarmed Combat
   235 | D        | Noticed a howler monkey
   235 | D        | Noticed a worker ant
   235 | D        | Noticed a worker ant
   242 | D        | Killed a howler monkey
   242 | D        | Reached skill level 5 in Dodging
   242 | D        | Reached skill level 6 in Unarmed Combat
   242 | D        | Reached XP level 2. HP: 15/15 MP: 3/3
   242 | D        | Reached XP level 3. HP: 18/18 MP: 4/4
   247 | D        | Reached skill level 7 in Unarmed Combat
   247 | D        | Reached XP level 4. HP: 21/22 MP: 5/5
   334 | D        | Found a roughly hewn altar of Beogh.
   334 | D        | Found a snail-covered altar of Cheibriados.
   334 | D        | Found a shadowy altar of Dithmenos.
   334 | D        | Found a white marble altar of Elyvilon.
   334 | D        | Found a blossoming altar of Fedhas.
   334 | D        | Found an opulent altar of Gozag.
   335 | D        | Found a hazy altar of Hepliaklqana.
   336 | D        | Found a viscous altar of Jiyva.
   337 | D        | Found an ancient bone altar of Kikubaaqudgha.
   338 | D        | Found a corrupted altar of Lugonu.
   339 | D        | Found a burning altar of Makhleb.
   340 | D        | Found a sparkling altar of Nemelex Xobeh.
   341 | D        | Found an iron altar of Okawaru.
   342 | D        | Found a stormy altar of Qazlal.
   343 | D        | Found a sacrificial altar of Ru.
   344 | D        | Found a deep blue altar of Sif Muna.
   345 | D        | Found a bloodstained altar of Trog.
   346 | D        | Found a hide-covered altar of Uskayaw.
   347 | D        | Found a radiant altar of Vehumet.
   348 | D        | Found a shimmering altar of Xom.
   349 | D        | Found a basalt altar of Yredelemnul.
   350 | D        | Found a glowing silver altar of Zin.
   351 | D        | Found a glowing golden altar of the Shining One.
   373 | D        | Became a worshipper of Nemelex Xobeh the Trickster
   386 | D        | Received a gift from Nemelex Xobeh
   406 | D        | Noticed a centaur
   406 | D        | Noticed an ogre
   406 | D        | Noticed a crocodile
   409 | D        | Reached skill level 8 in Unarmed Combat
   409 | D        | Reached XP level 5. HP: 24/25 MP: 6/6
   417 | D        | Killed a centaur
   417 | D        | Reached skill level 5 in Fighting
   417 | D        | Reached skill level 9 in Unarmed Combat
   446 | D        | Killed an ogre
   446 | D        | Reached skill level 10 in Unarmed Combat
   446 | D        | Gained mutation: You are covered in thick fur. (AC +2) [Felid growth]
   446 | D        | Reached XP level 6. HP: 14/31 MP: 7/7
   450 | D        | Reached skill level 11 in Unarmed Combat
   645 | D        | Noticed a wyvern
   645 | D        | Noticed a hill giant
   645 | D        | Noticed a mottled dragon
   651 | D        | Reached skill level 5 in Stealth
   651 | D        | Reached skill level 1 in Invocations
   655 | D        | Killed a wyvern
   655 | D        | Reached skill level 12 in Unarmed Combat
   655 | D        | Reached XP level 7. HP: 32/35 MP: 8/8
   661 | D        | Noticed a shining eye
   661 | D        | a hill giant changed into a shining eye
   667 | D        | Killed a shining eye
   667 | D        | Reached skill level 10 in Dodging
   667 | D        | Reached skill level 13 in Unarmed Combat
   711 | D        | Reached XP level 8. HP: 13/40 MP: 10/10
   928 | D        | Received a gift from Nemelex Xobeh
   967 | D        | Reached * piety under Nemelex Xobeh
   978 | D        | Received a gift from Nemelex Xobeh
  1012 | D        | Received a gift from Nemelex Xobeh
  1012 | D        | Reached ** piety under Nemelex Xobeh
  1038 | D        | Noticed a blink frog
  1038 | D        | Noticed a komodo dragon
  1038 | D        | Noticed a blink frog
  1068 | D        | Reached skill level 14 in Unarmed Combat
  1100 | D        | Killed a blink frog
  1370 | D        | Demolished by a komodo dragon
  1371 | D        | Reached XP level 7. HP: -14/36 MP: 10/10
  1371 | D        | Received a gift from Nemelex Xobeh
  1389 | D        | Noticed Urug
  1412 | D        | Killed Urug
  1412 | D        | Reached skill level 15 in Unarmed Combat
  1412 | D        | Reached XP level 8. HP: 22/40 MP: 11/11
  1580 | D        | Reached *** piety under Nemelex Xobeh
  1802 | D        | Noticed a tyrant leech
  1803 | D        | Received a gift from Nemelex Xobeh
  1804 | D        | Noticed a lindwurm
  1805 | D        | Noticed a lindwurm
  2033 | D        | Killed a tyrant leech
  2033 | D        | Reached skill level 16 in Unarmed Combat
  2053 | D        | Killed a lindwurm
  2053 | D        | Reached XP level 9. HP: 44/44 MP: 12/12
  2057 | D        | Killed from afar by a lindwurm
  2058 | D        | Reached XP level 8. HP: -2/40 MP: 11/11
  2068 | D        | Reached **** piety under Nemelex Xobeh
  2068 | D        | Noticed a yaktaur captain
  2068 | D        | Noticed a tengu reaver
  2068 | D        | Noticed a glowing orange brain
  2068 | D        | Noticed a yaktaur
  2068 | D        | Noticed a fire dragon
  2068 | D        | Noticed a great orb of eyes
  2084 | D        | Received a gift from Nemelex Xobeh
  2107 | D        | Received a gift from Nemelex Xobeh
  2130 | D        | Noticed Rupert
  2131 | D        | Noticed Nessos
  2135 | D        | Noticed Nergalle
  2140 | D        | Paralysed by Rupert for 2 turns
  2142 | D        | Noticed a spectral orc knight
  2144 | D        | Mangled by Rupert

Skill      XL: |  1  2  3  4  5  6  7  8 |
---------------+-------------------------+-----
Unarmed Combat | 6 7 8 10 12 15 16 | 16.5
Fighting       | 4 5 6 7 8 |  8.0
Dodging        | 5 6 8 9 12 11 | 12.7
Stealth        | 2 3 4 5 6 8 |  8.3
Invocations    | 1 3 |  3.9

Action                   |  1- 3 |  4- 6 |  7- 9 || total
-------------------------+-------+-------+-------++-------
Melee: Unarmed           |    23 |    26 |   103 ||   152
       Bite              |     3 |     5 |    13 ||    21
       Punch             |     1 |     2 |     2 ||     5
Evoke: Deck              |       |     4 |     4 ||     8
  Use: Potion            |       |       |     4 ||     4
 Stab: Sleeping          |     2 |       |     3 ||     5
Armor: Skin              |     2 |     1 |     2 ||     5
Dodge: Dodged            |    13 |    17 |    64 ||    94
